 Dungeon Crawl Stone Soup version 0.25.1-2-g60ff931df9 (webtiles) character file.

Game seed: 16329576372710912372

37164 Garessta the Transmogrifier (level 13, -4/135 HPs)
             Began as a Green Draconian Transmuter on Oct 18, 2020.
             Was a Believer of Jiyva.
             Slain by an eight-headed hydra (13 damage)
             ... on level 6 of the Lair of Beasts.
             The game lasted 00:44:12 (23961 turns).

Garessta the Transmogrifier (DrTm)                 Turns: 23961, Time: 00:44:13

Health: -4/135     AC:  6    Str: 17    XL:     13   Next: 56%
Magic:  25/25      EV: 15    Int: 16    God:    Jiyva [**....]
Gold:   1108       SH:  0    Dex: 14    Spells: 14/29 levels left

rFire    x . .     SeeInvis .     - Unarmed
rCold    + + +     Gourm    .   (shield currently unavailable)
rNeg     . . .     Faith    .   (armour unavailable)
rPois    +         Spirit   .   (helmet currently unavailable)
rElec    .         Reflect  .   (cloak currently unavailable)
rCorr    .         Harm     .   (gloves currently unavailable)
MR       .....                  (boots currently unavailable)
Stlth    +.........             (no amulet)
HPRegen  0.32/turn              G - ring of protection from cold
MPRegen  0.19/turn              e - +6 ring of intelligence

@: ice-form
A: large, (breathe noxious fumes), unfitting armour, blink, dopey 1, AC +8
a: End Transformation, Blink, Request Jelly, Renounce Religion


You were on level 6 of the Lair of Beasts.
You worshipped Jiyva.
Jiyva was pleased with you.
You were very hungry.
You were a creature of crystalline ice.
You visited 3 branches of the dungeon, and saw 19 of its levels.

You collected 1150 gold pieces.
You spent 42 gold pieces at shops.

Inventory:

Missiles
 a - 111 arrows
 f - 5 boomerangs (quivered)
Armour
 l - a +2 pair of boots (melded)
 H - the +1 pair of gloves of Spite (melded) {rC+ Slay+6 Stlth+}
   (You found it on level 3 of the Lair of Beasts)

   It affects your accuracy and damage with ranged weapons and melee attacks
   (+6).
   It protects you from cold.
   It makes you more stealthy.
Jewellery
 e - a +6 ring of intelligence (right front paw)
 B - an uncursed ring of protection from fire
 G - a ring of protection from cold (left front paw)
 K - an uncursed ring of stealth
Wands
 p - a wand of random effects (37)
 q - a wand of acid (9)
 t - a wand of polymorph (15)
 z - a wand of paralysis (17)
 A - a wand of flame (43)
 F - a wand of digging (7)
Scrolls
 g - 2 scrolls of enchant weapon
 i - 6 scrolls of teleportation
 m - 3 scrolls of amnesia
 s - 3 scrolls of enchant armour
 u - 2 scrolls of blinking
 v - a scroll of magic mapping
 x - 3 scrolls of fear
 y - a scroll of acquirement
 C - 2 scrolls of immolation
 D - 3 scrolls of remove curse
 J - a scroll of fog
Potions
 b - 3 potions of stabbing
 d - 9 potions of curing
 h - 3 potions of heal wounds
 k - 5 potions of haste
 n - a potion of ambrosia
 o - 4 potions of brilliance
 r - 3 potions of lignification
 w - 3 potions of flight
Comestibles
 c - 26 rations


   Skills:
 + Level 10.3 Fighting
 + Level 8.9 Dodging
 + Level 11.4 Unarmed Combat
 + Level 8.9 Spellcasting
 + Level 13.3 Transmutations


You had 14 spell levels left.
You knew the following spells:

 Your Spells              Type           Power        Failure   Level  Hunger
a - Beastly Appendage     Tmut           #####.       1%          1    None
b - Sticks to Snakes      Tmut           #####...     1%          2    None
c - Spider Form           Tmut/Pois      ####......   1%          3    #......
d - Blade Hands           Tmut           #####.....   1%          5    #####..
e - Ice Form              Ice/Tmut       ####....     6%          4    ###....

Your spell library contained the following spells:

 Spells                   Type           Power        Failure   Level  Hunger
 Summon Butterflies       Summ           #.......     11%         1    None
 Call Canine Familiar     Summ           #.......     30%         3    #......
 Summon Ice Beast         Ice/Summ       #.......     71%         4    ###....
 Summon Mana Viper        Hex/Summ       #.......     96%         5    #####..
 Summon Hydra             Summ           #.........   100%        7    #######


Dungeon Overview and Level Annotations

Branches:
Dungeon (12/15)            Temple (1/1) D:4            Lair (6/6) D:10
  Swamp (0/4) Lair:4        Snake (0/4) Lair:4        Slime (0/5) Lair:5
    Orc: D:9-12

Altars:
Ashenzari
Cheibriados
Dithmenos
Elyvilon
Fedhas
Gozag
Hepliaklqana
Kikubaaqudgha
Makhleb
Nemelex Xobeh
Okawaru
Qazlal
Ru
Sif Muna
Trog
Uskayaw
Vehumet
Wu Jian
Xom
Yredelemnul
Zin
The Shining One
Jiyva

Shops:
D:6 ?}

Annotations:
Lair:4 3 runed translucent doors, Resi's ghost, journeyman DsFi


Innate Abilities, Weirdness & Mutations

((You can breathe blasts of noxious fumes.))
((Your lurid green scales are hard. (AC +8)))
You cannot fit into any form of body armour.
((Your system is resistant to poisons. (rPois)))
((You are cold-blooded and may be slowed by cold attacks.))
((You have a pair of small antennae on your head.))
You can translocate small distances at will.
You are dopey. (Int -2)


Message History

The eight-headed hydra bites you!
* * * LOW HITPOINT WARNING * * *
The eight-headed hydra bites you.
* * * LOW HITPOINT WARNING * * *
The eight-headed hydra closely misses you.
The eight-headed hydra bites you.
* * * LOW HITPOINT WARNING * * *
The eight-headed hydra bites you but does no damage. x2
The eight-headed hydra closely misses you.
The eight-headed hydra barely misses you.
You punch the eight-headed hydra!
The eight-headed hydra seems to slow down.
You freeze the eight-headed hydra.
The eight-headed hydra is lightly wounded.
You punch the eight-headed hydra! You freeze the eight-headed hydra!
The eight-headed hydra is heavily wounded.
The eight-headed hydra bites you!
* * * LOW HITPOINT WARNING * * *
The eight-headed hydra bites you!
You die...

......................## #....##
.[.....................# #.....#
#.....................#####......
#........................##.^....
..........<.............#.#......
.................................
.................................
.......รท.........................
...............DY................
#..#.#....#..#..##...##.#..###.#.
########.################### #.##
### ###


You could see an eight-headed hydra (slow).

Vanquished Creatures
  Gastronok (Lair:2)
  Kirke (Lair:5)
  3 hydras (Lair:5)
  Erica (D:10)
  An unseen horror (D:11)
  2 oklob plants (Lair:3)
  6 black mambas
  8 elephants
  5 spiny frogs
  A rime drake (Lair:2)
  8 komodo dragons
  A polar bear (Lair:4)
  A tyrant leech (Lair:4)
  A hornet (D:8)
  6 hippogriffs
  4 blink frogs
  Sigmund (D:4)
  Eustachio (D:4)
  3 hogs
  A wyvern (Lair:3)
  A hungry ghost (D:8)
  52 yaks
  Grum (D:11)
  4 nagas (Lair:4)
  Edmund (D:4)
  A swamp worm (Lair:4)
  17 porcupines
  Duvessa (D:6)
  An acid dragon (D:11)
  8 water moccasins
  A black bear (D:9)
  An orc warrior (D:11)
  4 sky beasts
  8 ice beasts (Lair:3)
  A necrophage (D:9)
  13 wolves
  3 ogres
  A centaur (D:5)
  12 crocodiles
  Blork the orc (D:6)
  20 bullfrogs
  Dowan (D:6)
  4 scorpions
  16 killer bees
  A howler monkey (D:7)
  2 crimson imps
  A centaur zombie (D:11)
  2 hounds
  A jelly (D:8)
  5 bullfrog skeletons
  5 orc priests
  4 orc wizards
  2 iguanas
  7 worker ants
  Natasha (thrice) (D:2)
  2 killer bee zombies
  A hound skeleton (D:6)
  A hound zombie (D:5)
  Robin (D:3)
  3 gnolls (D:9)
  12 adders
  2 shadow imps
  An adder skeleton (D:5)
  2 adder zombies
  7 worms
  4 dart slugs
  5 leopard geckos
  28 orcs
  5 bats
  5 giant cockroaches
  13 goblins
  11 hobgoblins
  2 jackals (D:1)
  2 kobolds (D:3)
  3 quokkas
  2 ball pythons
  11 frilled lizards
  A jackal skeleton (D:8)
  A leopard gecko skeleton (D:5)
  2 quokka skeletons
  2 quokka zombies
  4 rats
  A plant (Lair:3)
396 creatures vanquished.

Vanquished Creatures (collateral kills)
  A yak (D:5)
  Menkaure (D:5)
  An ice beast (D:5)
  A howler monkey (D:5)
  Jessica (D:2)
5 creatures vanquished.

Vanquished Creatures (others)
  2 yaks (Lair:5)
  2 humans (Lair:6)
  10 jellies
  9 fungi
  3 plants
26 creatures vanquished.

Grand Total: 427 creatures vanquished

Notes
Turn   | Place    | Note
-------+----------+-------------------------------------------
     0 | D:1      | Garessta the Draconian Transmuter began the quest for the
                  | Orb.
     0 | D:1      | Reached XP level 1. HP: 16/16 MP: 3/3
   270 | D:1      | Reached XP level 2. HP: 23/23 MP: 5/5
   424 | D:1      | Reached skill level 3 in Transmutations
  1354 | D:2      | Reached XP level 3. HP: 28/28 MP: 4/6
  1358 | D:2      | Learned a level 2 spell: Sticks to Snakes
  1362 | D:2      | Learned a level 3 spell: Spider Form
  1588 | D:2      | Noticed Natasha
  1594 | D:2      | Killed Natasha
  1594 | D:2      | Reached skill level 4 in Transmutations
  1943 | D:2      | Reached XP level 4. HP: 33/35 MP: 5/7
  2207 | D:2      | Found a sparkling altar of Nemelex Xobeh.
  2207 | D:2      | Noticed Jessica
  2232 | D:2      | Killed Jessica
  2666 | D:2      | Noticed Natasha
  2896 | D:2      | Killed Natasha
  2896 | D:2      | Reached skill level 5 in Transmutations
  2999 | D:2      | Noticed Natasha
  3012 | D:2      | Killed Natasha
  3012 | D:2      | Reached XP level 5. HP: 24/40 MP: 8/8
  3770 | D:3      | Noticed Robin
  4170 | D:3      | Killed Robin
  4275 | D:3      | Reached skill level 6 in Transmutations
  4800 | D:4      | Reached XP level 6. HP: 45/47 MP: 5/9
  4853 | D:4      | Noticed Edmund
  4884 | D:4      | Killed Edmund
  4884 | D:4      | Reached skill level 7 in Transmutations
  5201 | D:4      | Noticed Sigmund
  5203 | D:4      | Noticed Eustachio
  5521 | D:4      | Found a staircase to the Ecumenical Temple.
  5539 | D:4      | Killed Eustachio
  5539 | D:4      | Reached skill level 8 in Transmutations
  5539 | D:4      | Your scales start taking on a lurid green colour.
  5539 | D:4      | Reached XP level 7. HP: 24/52 MP: 7/10
  5539 | D:4      | Gained mutation: Your system is resistant to poisons.
                  | (rPois) [Green Draconian growth]
  5543 | Temple   | Entered the Ecumenical Temple
  6299 | D:4      | Killed Sigmund
  6365 | D:5      | Entered Level 5 of the Dungeon
  6369 | D:5      | Found a hide-covered altar of Uskayaw.
  6370 | D:5      | Noticed a +0 dagger
  6370 | D:5      | Noticed a +0 hand axe
  6687 | D:5      | Found a glowing golden altar of the Shining One.
  6699 | D:5      | Became a worshipper of the Shining One
  6765 | D:5      | Noticed Menkaure
  7119 | D:5      | Killed Menkaure
  7290 | D:5      | Noticed a yak
  7290 | D:5      | Noticed a yak
  7298 | D:5      | Noticed a yak
  7328 | D:5      | Killed a yak
  7328 | D:5      | Reached skill level 9 in Transmutations
  7328 | D:5      | Reached XP level 8. HP: 59/59 MP: 2/11
  7362 | D:5      | Reached skill level 5 in Unarmed Combat
  7789 | D:5      | Found a burning altar of Makhleb.
  7789 | D:5      | Noticed a balrug
  7979 | D:5      | Reached * piety under the Shining One
  8225 | D:6      | Found Yrorph's Gadget Shoppe.
  8238 | D:6      | Reached skill level 10 in Transmutations
  8504 | D:6      | Learned a level 5 spell: Blade Hands
  8707 | D:6      | Noticed Blork the orc
  8713 | D:6      | Killed Blork the orc
  8713 | D:6      | Reached XP level 9. HP: 64/64 MP: 6/12
  8813 | D:6      | Found a shimmering altar of Xom.
  8890 | D:6      | Noticed Duvessa
  8890 | D:6      | Noticed Dowan
  8895 | D:6      | Killed Dowan
  8901 | D:6      | Killed Duvessa
  9005 | D:6      | Found a glowing silver altar of Zin.
  9053 | D:6      | Found Voesedwa's Magic Scroll Shoppe.
  9062 | D:6      | Bought a scroll of noise for 14 gold pieces
  9062 | D:6      | Bought a scroll of identify for 28 gold pieces
  9107 | D:6      | Found a sparkling altar of Nemelex Xobeh.
  9494 | D:7      | Found an iron altar of Okawaru.
  9824 | D:7      | Found a sparkling altar of Nemelex Xobeh.
 10351 | D:8      | Found a basalt altar of Yredelemnul.
 10352 | D:8      | Found an opulent altar of Gozag.
 10659 | D:8      | Reached ** piety under the Shining One
 11136 | D:8      | Found a blossoming altar of Fedhas.
 11312 | D:9      | Reached XP level 10. HP: 75/79 MP: 9/15
 11630 | D:9      | Reached skill level 11 in Transmutations
 11911 | D:9      | Reached skill level 5 in Fighting
 12401 | D:9      | Found a shimmering blue altar of Sif Muna.
 12405 | D:9      | Found a white marble altar of Elyvilon.
 12408 | D:9      | Found a snail-covered altar of Cheibriados.
 12456 | D:10     | Entered Level 10 of the Dungeon
 12461 | D:10     | Reached skill level 5 in Spellcasting
 12472 | D:10     | Learned a level 4 spell: Ice Form
 12497 | D:10     | Reached *** piety under the Shining One
 12505 | D:10     | Reached skill level 5 in Dodging
 12517 | D:10     | Found a staircase to the Lair.
 12546 | D:10     | Noticed Erica
 12562 | D:10     | Killed Erica
 12562 | D:10     | Reached XP level 11. HP: 49/89 MP: 14/19
 13186 | D:10     | Found a sparkling altar of Nemelex Xobeh.
 13460 | D:11     | Noticed Grum
 13469 | D:11     | Killed Grum
 14163 | D:11     | Noticed an unseen horror
 14172 | D:11     | Killed an unseen horror
 14747 | Lair:1   | Entered Level 1 of the Lair of Beasts
 15929 | Lair:2   | Reached skill level 12 in Transmutations
 16646 | Lair:2   | Noticed Gastronok
 16656 | Lair:2   | Killed Gastronok
 16656 | Lair:2   | Reached XP level 12. HP: 87/101 MP: 17/22
 16724 | Lair:2   | Reached skill level 10 in Unarmed Combat
 17691 | Lair:3   | Found a frozen archway.
 17957 | Lair:3   | Reached **** piety under the Shining One
 18468 | Lair:3   | Got a pair of scorched gloves
 18590 | Lair:3   | Identified the +1 pair of gloves of Spite {rC+ Slay+6
                  | Stlth+} (You found it on level 3 of the Lair of Beasts)
 19881 | Lair:4   | Found a staircase to the Snake Pit.
 20123 | Lair:4   | Reached XP level 13. HP: 31/111 MP: 21/25
 20629 | Lair:4   | Found a runed translucent gate.
 20629 | Lair:4   | Found a runed translucent gate.
 20629 | Lair:4   | Found a runed translucent gate.
 20673 | Lair:4   | Noticed Resi's ghost (journeyman DsFi)
 20969 | Lair:4   | Reached skill level 13 in Transmutations
 21095 | Lair:4   | Found a staircase to the Swamp.
 21995 | Lair:5   | Found a viscous altar of Jiyva.
 21995 | Lair:5   | Found a staircase to the Slime Pits.
 21999 | Lair:5   | Fell from the grace of the Shining One
 21999 | Lair:5   | Became a worshipper of Jiyva Juaposiv the Shapeless
 22074 | Lair:5   | Reached skill level 10 in Fighting
 22266 | Lair:5   | Reached * piety under Jiyva
 22618 | Lair:5   | Identified a scroll of acquirement
 22633 | Lair:5   | Gained mutation: You are dopey. (Int -2) [potion of
                  | mutation]
 22633 | Lair:5   | Gained mutation: You can translocate small distances at
                  | will. [potion of mutation]
 22633 | Lair:5   | Gained mutation: You have a pair of small antennae on your
                  | head. [potion of mutation]
 23259 | Lair:6   | Entered Level 6 of the Lair of Beasts
 23615 | Lair:6   | Noticed Kirke
 23647 | Lair:5   | Killed Kirke
 23945 | Lair:2   | Reached ** piety under Jiyva
 23961 | Lair:6   | Slain by an eight-headed hydra

Illustrated notes

Levels and vault maps discovered:
D:1:      dpeg_arrival_tiny_c, layout_loops_ring, serial_bayou_ford_a
D:2:      layout_loops_ring, nemelex_lonely_heart_becter, uniq_natasha,
          uniq_jessica
D:3:      layout_rooms, uniq_robin
D:4:      layout_loops_cross, minmay_temple_entry_stoned_glass, uniq_eustachio,
          uniq_edmund, uniq_sigmund
D:5:      layout_basic, makhleb_altar_promises_db, dancing_weapons_uskayaw,
          lemuel_round_altar, first_ration, kennysheep_generic_room_16,
          uniq_menkaure
D:6:      layout_rooms, overflow_temple_1_default, lemuel_doored_altar,
          serial_rivers, chequers_serial_rivers_marsh,
          chequers_serial_rivers_marsh, chequers_serial_rivers_small_b,
          chequers_serial_rivers_small_b, serial_shops, shop, shop_scrolls,
          nemelex_diamond_rough_becter, uniq_duvessa, uniq_blork_the_orc
D:7:      layout_loops_ring, nemelex_xobeh_ov_fountains_minmay,
          okawaru_ov_weapons_minmay
D:8:      layout_loops_ring, fedhas_altar_fruit_tree,
          nicolae_overflow_hidden_temple
D:9:      layout_cave_pools, minmay_overflow_temple_star_quad
D:10:     layout_basic, due_lair_maze_entry_diamond, basic_altar, uniq_erica
D:11:     layout_loops_ring, uniq_grum
D:12:     minmay_connected_boxes_in_corner, layout_basic, orc_0_dummy
Temple:   grunt_temple_mini_profane
Lair:1:   wander_river, layout_hall_layers, chequers_serial_rivers_room_a,
          grunt_megastairs_1, infiniplex_staircase_pool, lemuel_fruit_fields
Lair:2:   layout_chaotic_city, uniq_gastronok
Lair:3:   layout_chaotic_city, portal_ice_cave_entry_ice_beasts, st_stairs_8,
          lemuel_fruit_tree, minmay_lair_oklob_chamber, grunt_megastairs_2
Lair:4:   layout_hall_layers, minmay_swamp_entry_worms,
          minmay_snake_entry_guardpost_medium, gammafunk_ghost_necromancy
Lair:5:   layout_cave_pods, dpeg_slime_entry_enclosed_altar
Lair:6:   minmay_lair_end_enchanted_forest, layout_long_grid, uniq_kirke

Skill      XL: |  1  2  3  4  5  6  7  8  9 10 11 12 13 |
---------------+----------------------------------------+-----
Transmutations | 3 4 5 6 8 9 10 11 12 13 | 13.3
Unarmed Combat | 4 6 7 8 9 10 11 | 11.4
Dodging        | 2 3 5 7 8 |  8.9
Fighting       | 4 6 8 9 10 | 10.3
Spellcasting   | 3 5 7 8 |  8.9

Action                   |  1- 3 |  4- 6 |  7- 9 | 10-12 | 13-15 || total
-------------------------+-------+-------+-------+-------+-------++-------
Melee: Unarmed           |   106 |   279 |   231 |   465 |   142 ||  1223
       Kick              |     4 |       |       |       |       ||     4
       Tailslap          |     9 |    14 |    13 |    40 |    23 ||    99
       Headbutt          |    15 |    25 |     7 |       |       ||    47
       Punch             |       |     1 |     4 |    18 |     9 ||    32
 Cast: Beastly Appendage |    27 |    24 |    12 |       |       ||    63
       Sticks to Snakes  |       |     3 |    14 |       |       ||    17
       Spider Form       |       |    17 |    12 |       |       ||    29
       Blade Hands       |       |       |    25 |    69 |    22 ||   116
       Ice Form          |       |       |       |     1 |     4 ||     5
 Abil: Breathe Noxious F |       |       |     2 |       |       ||     2
Evoke: Wand              |       |       |       |     6 |       ||     6
  Use: Scroll            |       |    12 |     5 |     5 |     5 ||    27
       Potion            |       |     1 |       |     3 |     1 ||     5
 Stab: Sleeping          |       |     2 |     1 |       |       ||     3
       Distracted        |       |     1 |       |       |       ||     1
  Eat: Chunk             |     4 |    13 |    16 |    42 |    13 ||    88
       Ration            |       |       |     4 |     2 |     1 ||     7
Armor: Skin              |    27 |    52 |    50 |   185 |    33 ||   347
Dodge: Dodged            |    44 |   217 |   115 |   284 |   116 ||   776
